 Dungeon Crawl Stone Soup version bcrawl-1.27.5 (webtiles) character file.

Game seed: 16615399681239425484

150009 Freyura the Twirler (level 4, 0/34 HPs)
             Began as a Demonspawn Gladiator on Aug 17, 2020.
             Slain by a goblin (4 damage)
             ... led by Robin
             ... on level 3 of the Dungeon.
             The game lasted 00:03:59 (1656 turns).

Freyura the Twirler (Demonspawn Gladiator)          Turns: 1656, Time: 00:04:00

Health: 0/34       AC:  6    Str: 14    XL:     4   Next: 44%
Magic:  4/4        EV: 13    Int: 10    God:
Gold:   152        SH:  0    Dex: 15    Spells: 3/3 levels left

rFire    x . .     SeeInvis .   a - +0 quarterstaff
rCold    + . .     Gourm    .   (shield currently unavailable)
rNeg     . . .     Faith    .   b - +0 leather armour
rPois    .         Spirit   .   c - +0 helmet
rElec    +         Reflect  .   q - +0 cloak
rCorr    .         Harm     .   k - +0 pair of gloves
MR       .....                  (no boots)
Stlth    +.........             (no amulet)
HPRegen  0.11/turn              h - ring of insulation
MPRegen  0.09/turn              g - ring of ice

@: no status effects
A: hooves 2, powered by death 1
a: no special abilities


You were on level 3 of the Dungeon.
You were hungry.

You visited 1 branch of the dungeon, and saw 3 of its levels.

You collected 152 gold pieces.

Inventory:

Hand Weapons
 a - a +0 quarterstaff (weapon)
Missiles
 d - 3 throwing nets {=f}
Armour
 b - a +0 leather armour (worn)
 c - a +0 helmet (worn)
 k - a +0 pair of gloves (worn)
 q - a +0 cloak (worn)
Jewellery
 g - a ring of ice (right hand)
 h - a ring of insulation (left hand)
Scrolls
 f - a scroll of teleportation
 i - a scroll of identify
Potions
 j - 3 potions of curing
 m - a potion of might {unknown}
 p - 2 potions of mutation {unknown}
Comestibles
 e - 2 rations {!d}


   Skills:
 + Level 2.9 Fighting
 * Level 3.9 Staves
 - Level 1.7 Throwing
 + Level 3.3 Dodging


You had 3 spell levels left.
You didn't know any spells.
Your spell library was empty.

Dungeon Overview and Level Annotations

Branches:
Dungeon (3/12)

Altars:
Nemelex Xobeh
Vehumet

Annotations:
D:3 Robin


Innate Abilities, Weirdness & Mutations

You have hoof-like feet.
You regenerate a little health from kills.


Message History

You closely miss the goblin. You kick the goblin.
The goblin is heavily wounded.
Robin hits you with a +0 mace. The goblin hits you.
* * * LOW HITPOINT WARNING * * *
You barely miss Robin.
Robin flexes a bicep menacingly.
Robin hits you with a +0 mace.
* * * LOW HITPOINT WARNING * * *
The goblin closely misses you.
You hit Robin.
Robin is moderately wounded.
Robin hits you with a +0 mace.
* * * LOW HITPOINT WARNING * * *
The goblin hits you but does no damage.
You thump Robin! Your kick misses Robin.
Robin is heavily wounded.
Robin hits you with a +0 mace.
* * * LOW HITPOINT WARNING * * *
The goblin hits you.
You die...

#....##.# ####....#.#.
# #<.......#.#
...##.........##....##.
#.......^.............
.
#.....................
..
...###.........##....#
.g
..####.......g#=##..#
.# .
......#....#@#.#..#.#
#####......##g#).g.#.#
###...#?##gg.g..##
#....#.#..g.....g.#
#..#..##.(......?...#
#.##.#...............
#. #.)....†....(..... #
#..$>..####........
.......## #........


You could see Robin, a hobgoblin and 3 goblins.

Vanquished Creatures
  2 adders (D:3)
  A worm (D:2)
  3 dart slugs (D:1)
  4 leopard geckos
  An orc (D:3)
  9 bats
  2 giant cockroaches (D:1)
  6 goblins
  5 hobgoblins
  7 jackals (D:2)
  A quokka (D:2)
  A ball python (D:2)
  5 frilled lizards
  10 kobolds
  3 rats
60 creatures vanquished.

Notes
Turn   | Place    | Note
-------+----------+-------------------------------------------
     0 | D:1      | Freyura the Demonspawn Gladiator began the quest for the
                  | Orb.
     0 | D:1      | Reached XP level 1. HP: 16/16 MP: 1/1
   209 | D:1      | Gained mutation: You have large cloven feet. [demonic
                  | ancestry]
   209 | D:1      | Reached XP level 2. HP: 22/22 MP: 2/2
   470 | D:1      | Gained mutation: You have hoof-like feet. [demonic
                  | ancestry]
   470 | D:1      | Reached XP level 3. HP: 28/28 MP: 3/3
  1211 | D:2      | Found a radiant altar of Vehumet.
  1335 | D:2      | Gained mutation: You regenerate a little health from kills.
                  | [demonic ancestry]
  1335 | D:2      | Reached XP level 4. HP: 33/34 MP: 4/4
  1424 | D:2      | Found a sparkling altar of Nemelex Xobeh.
  1622 | D:3      | Noticed Robin
  1656 | D:3      | Slain by a goblin

Skill      XL: |  1  2 |
---------------+-------+-----
Staves         | 3 |  3.9
Dodging        | 3 |  3.3
Fighting       | |  2.9
Throwing       | |  1.7

Action                   |  1- 3 |  4- 6 || total
-------------------------+-------+-------++-------
Melee: Quarterstaff      |   127 |    45 ||   172
       Kick              |    21 |    12 ||    33
  Use: Scroll            |       |     4 ||     4
       Potion            |       |     1 ||     1
 Stab: Sleeping          |     1 |       ||     1
  Eat: Chunk             |     5 |     1 ||     6
Armor: Leather armour    |    43 |    25 ||    68
Dodge: Dodged            |    95 |    53 ||   148
